 Dungeon Crawl Stone Soup version 0.30-a0-137-gd8773701ce (webtiles) character file.

Game seed: 14425865383509131199

25 Julmuri the Sneak (level 2, -2/19 HPs)
             Began as a Vampire Earth Elementalist on Sept 23, 2022.
             Slain by an orc wizard
             ... wielding a +0 dagger
              (4 damage)
             ... on level 3 of the Dungeon.
             The game lasted 00:07:28 (479 turns).

Julmuri the Sneak (Vampire Earth Elementalist)       Turns: 479, Time: 00:07:29

Health: -2/19      AC:  3    Str:  7    XL:     2   Next: 86%
Magic:  1/5        EV: 16    Int: 17    God:
Gold:   57         SH:  0    Dex: 14    Spells: 4/5 levels left

rFire   . . .      SeeInvis +    j - +1 hand axe (elec)
rCold   . . .      Faith    .    (no shield)
rNeg    . . .      Spirit   .    a - +1 robe
rPois   .          Reflect  .    (no helmet)
rElec   .          Harm     .    (no cloak)
rCorr   .          Rampage  .    (no gloves)
Will    .....                    (no boots)
Stlth   ++........               (no amulet)
HPRegen 0.26/turn                h - +4 ring of evasion
MPRegen 0.09/turn                (no ring)

@: weak-willed, healing quickly, hasted, very quick
A: alive, fangs 3, see invisible, vampiric 1
a: Exsanguinate


You were on level 3 of the Dungeon.
You visited 1 branch of the dungeon, and saw 3 of its levels.

You collected 57 gold pieces.

Inventory:

Hand Weapons
 d - a +0 dagger
 j - a +1 hand axe of electrocution (weapon)
Armour
 a - a +1 robe (worn)
Jewellery
 b - a ring of fire
 h - a +4 ring of evasion (left hand)
Scrolls
 f - 2 scrolls of identify


   Skills:
 + Level 2.3 Dodging
 + Level 3.6 Stealth
 + Level 2.2 Spellcasting
 + Level 1.1 Transmutations
 + Level 3.6 Earth Magic


You had 4 spell levels left.
You knew the following spells:

 Your Spells              Type           Power      Damage    Failure   Level
a - Sandblast             Erth           28%        2d8       4%          1

Your spell library contained the following spells:

 Spells                   Type           Power      Damage    Failure   Level
 Passwall                 Tmut/Erth      7%         N/A       11%         2
 Stone Arrow              Conj/Erth      16%        3d8       26%         3
 Petrify                  Tmut/Erth      9%         N/A       56%         4


Dungeon Overview and Level Annotations

Branches:
Dungeon (3/15)

Altars:


Innate Abilities, Weirdness & Mutations

Your natural rate of healing is accelerated.
You have razor-sharp teeth.
You have supernaturally acute eyesight. (SInv)
You are afflicted with vampirism.


Message History

Magic quickly surges around you.
It was a scroll of vulnerability.
As you read the scroll labelled NAFIRGH MUTTAH, it crumbles to dust.
It is a scroll of enchant armour.
Your +0 robe glows green for a moment.
The air fills with toxic fumes!
As you read the scroll labelled TIXYSU GIDWA, it crumbles to dust.
It was a scroll of poison.
The orc wizard closely misses you.
It was a potion of haste.
You feel yourself speed up. The orc wizard barely misses you.
As you read the scroll labelled QEOD CUENUMY, it crumbles to dust.
It is a scroll of identify.
You don't have any unidentified items.
Aiming: Sandblast (safe; 4% risk of failure)
Press: ? - help, Q - select action Shift-Dir - straight line, f - orc wizard
Aim: an orc wizard, wielding a +0 dagger and wearing a +0 robe (slightly transparent, weak-willed, 77% to hit)
The blast of sand misses the orc wizard.
The blast of sand hits the orc!
You kill the orc!
The orc wizard hits you but does no damage.
Aiming: Sandblast (safe; 4% risk of failure)
Press: ? - help, Q - select action Shift-Dir - straight line, f/p - orc wizard
Aim: an orc wizard, wielding a +0 dagger and wearing a +0 robe (slightly transparent, weak-willed, 77% to hit)
The blast of sand hits the orc wizard!
The orc wizard is heavily wounded.
The orc wizard hits you with a +0 dagger.
Unknown command.
Aiming: Sandblast (safe; 4% risk of failure)
Press: ? - help, Q - select action Shift-Dir - straight line, f/p - orc wizard
Aim: an orc wizard, wielding a +0 dagger and wearing a +0 robe (heavily wounded, slightly transparent, weak-willed, 77% to hit)
The blast of sand hits the orc wizard.
The orc wizard is severely wounded.
The orc wizard hits you with a +0 dagger.
* * * LOW HITPOINT WARNING * * *
Aiming: Sandblast (safe; 4% risk of failure)
Press: ? - help, Q - select action Shift-Dir - straight line, f/p - orc wizard
Aim: an orc wizard, wielding a +0 dagger and wearing a +0 robe (severely wounded, slightly transparent, weak-willed, 77% to hit)
The blast of sand hits the orc wizard.
The orc wizard is almost dead.
The orc wizard hits you with a +0 dagger.
You die...

#.....#####.#...
#☼§§..# ####☼§...#
#§§§§#.#.# #.......
#§§§§#.#o# #.......
#§§§§#.#o###.......
#§§§§+.#)##.....#
###§§§§###§##....†###
#§§§@oo.§§☼##........
#§###########......##
#.#................#.
#.#.##...............
#.#..................
#.#....#.##.######.##
#.##.#.#.##.#........
#.#......##.#.##.#.##
#.#########.# #.....


You could see an orc wizard (invisible, weak-willed) and an orc (weak-willed).

Vanquished Creatures
  An adder (D:2)
  4 orcs (D:3)
  2 ball pythons
  A goblin (D:1)
  A kobold (D:2)
  2 quokkas (D:2)
  A frilled lizard (D:1)
12 creatures vanquished.

Notes
Turn   | Place    | Note
-------+----------+-------------------------------------------
     0 | D:1      | Julmuri the Vampire Earth Elementalist began the quest for
                  | the Orb.
     0 | D:1      | Reached XP level 1. HP: 13/13 MP: 3/3
     3 | D:1      | Noticed an electric eel
     3 | D:1      | Noticed an electric eel
   159 | D:2      | Reached XP level 2. HP: 19/19 MP: 1/5
   479 | D:3      | Slain by an orc wizard

Illustrated notes

Levels and vault maps discovered:
D:1:      arrival_aquarium_b, layout_basic, hellmonk_ecumenical_altar_lost_god
D:2:      layout_basic
D:3:      minmay_bubble_buster, layout_basic, grunt_dithmenos_smoke,
          mainiacjoe_overflow_24_doors, amcnicky_mini_rare_corridor_liquid,
          chequers_serial_rivers_micro_d

Action                   || total
-------------------------++-------
 Cast: Sandblast         ||    23
  Use: Scroll            ||     4
       Potion            ||     2
Armor: Robe              ||     3
Dodge: Dodged            ||    10

Table legend: (Time is in decaauts)
 A = Elapsed time spent in this place.
 B = Non-inter-level travel time spent in this place.
 C = Inter-level travel time spent in this place.
 D = Time resting spent in this place.
 E = Time spent auto-exploring this place.
 F = Levels seen in this place.
 G = Mean time per level.
                   A        B        C        D        E       F      G
               +--------+--------+--------+--------+--------+-----+--------+
         Total |    486 |    486 |      0 |     37 |     63 |   3 |  162.0 |
       Dungeon |    486 |    486 |      0 |     37 |     63 |   3 |  162.0 |
               +--------+--------+--------+--------+--------+-----+--------+

Top non-repeatable levels by time:
     D:3: 245 daAuts
     D:2: 127 daAuts
     D:1: 113 daAuts
